AoeStats
← Match Point

Arabia

509994371Analyzed
1v1 RM · 4d ago on Sep 29, 2026· 70m 0s· 2 players
Game mode
Random Map
Map size
Tiny (2 player)
Population
200
Speed
Normal
Resources
Standard
Victory
Conquest
Starting age
Dark Age
Ending age
Imperial Age
RankedLock teamsTeams togetherTeam positionsShared explorationLock speedFull tech treeHidden civsTurbo modeCheats
Victory
Defeat
🇨🇴 Cumans · Colombia
1247
+16
🇨🇴 Portuguese · Colombia
1245
-16
VZ | Nescar
6:38 Loom
9:08 Feudal Age
10:05 Double-Bit Axe
10:26 Horse Collar
16:58 Fletching
17:40 Padded Archer Armor
21:56 Castle Age
20:05 Town Watch
20:26 Horse Collar
22:19 Crossbowman
22:55 Bodkin Arrow
25:19 Wheelbarrow
26:21 Leather Archer Armor
29:44 Heavy Plow
29:55 Bow Saw
38:35 Imperial Age
40:10 Bracer
42:32 Chemistry
47:41 Bloodlines
48:07 Hand Cart
47:59 Arbalester
52:01 Two-Man Saw
58:10 Ballistics
64:17 Ring Archer Armor
69:04 Pikeman
Match Point
5:29 Loom
9:46 Feudal Age
10:35 Double-Bit Axe
13:04 Horse Collar
18:04 Fletching
19:09 Padded Archer Armor
23:35 Castle Age
24:05 Gold Mining
25:32 Wheelbarrow
31:00 Bow Saw
32:05 Town Watch
32:33 Bodkin Arrow
32:54 Leather Archer Armor
39:32 Imperial Age
40:02 Masonry
40:10 Hand Cart
40:17 Ballistics
41:51 Chemistry
46:11 Forging
46:07 Scale Barding Armor
46:56 Gold Shaft Mining
46:11 Stone Mining
46:16 Elite Steppe Lancer
47:02 Stone Mining
48:05 Iron Casting
48:37 Chain Barding Armor
50:20 Blast Furnace
55:19 Plate Barding Armor
57:26 Scale Mail Armor
60:36 Town Patrol
62:20 Chain Mail Armor
70:38 Ring Archer Armor
70:38 Plate Mail Armor
Connection lost

Rejoining the realm…

Still unreachable

The connection could not be restored.

Session expired

The server has moved on; the page needs a fresh start.